 Dungeon Crawl Stone Soup version 0.31-a0-654-gbe3e110b4e (webtiles) character file.

Game seed: 6033028390031956286

121 shumumu the Trooper (level 5, -1/33 HPs)
             Began as a Kobold Berserker on Aug 29, 2023.
             Was a Believer of Trog.
             Slain by an orc
             ... wielding a +0 hand axe
              (4 damage)
             ... on level 4 of the Dungeon.
             The game lasted 00:25:19 (2978 turns).

shumumu the Trooper (Kobold Berserker)              Turns: 2978, Time: 00:25:19

Health: -1/33      AC:  4    Str: 16    XL:     5   Next: 26%
Magic:  5/5        EV: 15    Int:  8    God:    Trog [**....]
Gold:   190        SH:  0    Dex: 15    Spells: 4/4 levels left

rFire   . . .        a - +0 mace
rCold   . . .        (no shield)
rNeg    . . .        f - +0 leather armour
rPois   .            (no helmet)
rElec   .            k - +0 cloak
rCorr   .            (no gloves)
SInv    .            (no boots)
Will    +....        (no amulet)
Stlth   +++          (no ring)
HPRegen 0.25/turn    (no ring)
MPRegen 0.09/turn

%: no passive effects
@: brilliant, on berserk cooldown, enlightened, flying, slowed, very slow
A: small, no large weapons, nightstalker 3
a: Renounce Religion, Berserk, Trog's Hand


You were on level 4 of the Dungeon.
You worshipped Trog.
Trog was pleased with you.
You visited 1 branch of the dungeon, and saw 4 of its levels.

You collected 190 gold pieces.

Inventory:

Hand Weapons
 a - a +0 mace (weapon)
 g - a +0 dagger
 i - a +0 dagger of pain
 l - a +0 sling
 m - a +0 dagger
 n - a +0 dagger
 o - a +0 club
 p - a +0 quarterstaff
 q - a +0 whip
 u - a +0 hand axe
 w - a +0 dagger
 x - a +1 short sword of speed
 E - a +0 spear of freezing
Missiles
 v - 27 stones
 y - 7 poisoned darts
Armour
 b - a +0 animal skin
 f - a +0 leather armour (worn)
 k - a +0 cloak (worn)
Talismans
 A - a granite talisman
Scrolls
 c - 5 scrolls of teleportation {unknown}
 h - a scroll of revelation {unknown}
 j - 3 scrolls of enchant armour {unknown}
 t - a scroll of acquirement {unknown}
Potions
 d - a potion of brilliance
 e - a potion of lignification {unknown}
 r - a potion of might {unknown}
 s - a potion of mutation {unknown}
 B - a potion of resistance {unknown}
 C - a potion of berserk rage {unknown}
 D - a potion of cancellation {unknown}


   Skills:
 + Level 4.0 Fighting
 + Level 3.4 Maces & Flails
 + Level 2.2 Armour
 + Level 3.4 Dodging
 + Level 2.5 Stealth


You had 4 spell levels left.
You didn't know any spells.
Your spell library was empty.

Dungeon Overview and Level Annotations

Branches:
Dungeon (4/15)
 Temple: D:4-7

Altars:
Ru


Innate Abilities, Weirdness & Mutations

You are small and have problems with some larger weapons.
You are completely attuned to the shadows.


Message History

The orc misses you. Something hits you.
You hit the orc but do no damage. The orc misses you.
Something hits you but does no damage. The orc closely misses you.
Something hits you but does no damage.
You hit the orc.
The orc is lightly wounded.
The orc barely misses you. Something hits you but does no damage.
The orc barely misses you. Something completely misses you.
You hit the orc.
The orc is moderately wounded.
The orc hits you with a +0 hand axe. Something hits you but does no damage.
The orc misses you.
You barely miss the orc.
The orc is moderately wounded.
Something hits you. The orc completely misses you.
Something hits you but does no damage.
You barely miss the orc.
The orc is moderately wounded.
The orc hits you with a +0 hand axe. Something hits you.
The orc hits you with a +0 hand axe. Something closely misses you.
You are too injured to fight recklessly!
You are too injured to fight recklessly!
You barely miss something. The orc closely misses you. Something hits you.
The orc barely misses you. Something hits you.
You barely miss something. The orc misses you.
Something hits you but does no damage. The orc hits you with a +0 hand axe.
You hear some strange, mumbled words.
A puff of flame appears from out of thin air!
The puff of flame hits you!
* * * LOW HITPOINT WARNING * * *
It was a potion of enlightenment.
You feel very buoyant.
You fly up into the air.
The orc barely misses you.
You hear some strange, mumbled words.
Something tries to affect you, but you resist.
It was a potion of brilliance.
You feel clever all of a sudden. The orc barely misses you.
Something hits you but does no damage. The orc hits you with a +0 hand axe.
You die...

.≈.o....#..#
.≈)o.#..#..#
.≈...#.....+
.≈........########
...≈.###.....'._#..+
≈≈≈≈.###..#..#.###.#
.......#..#..#.....#
..>..#.#######.o{..##
..........#....)@.....
.....#........#####...
.....#.......## ###
.....#.#######
.....#.# .....# .....#
.....# .....#


You could see an orc.

Vanquished Creatures
  5 gnolls
  An adder (D:2)
  An ufetubus (D:4)
  2 worms
  2 orcs
  4 ball pythons
  3 endoplasms
  3 giant cockroaches
  5 goblins
  7 hobgoblins
  2 jackals (D:4)
  3 quokkas
  4 bats
  2 frilled lizards
  4 kobolds
  4 rats
52 creatures vanquished.

Notes
Turn   | Place    | Note
-------+----------+-------------------------------------------
     0 | D:1      | shumumu the Kobold Berserker began the quest for the Orb.
     0 | D:1      | Reached XP level 1. HP: 14/14 MP: 1/1
   150 | D:1      | Reached XP level 2. HP: 14/19 MP: 2/2
   518 | D:1      | Reached XP level 3. HP: 23/23 MP: 3/3
   625 | D:1      | Reached skill level 1 in Stealth
  1357 | D:2      | Reached ** piety under Trog
  1411 | D:2      | Reached XP level 4. HP: 21/29 MP: 4/4
  1508 | D:2      | Noticed a phantom
  2401 | D:3      | Reached XP level 5. HP: 25/33 MP: 5/5
  2922 | D:4      | Found a sacrificial altar of Ru.
  2928 | D:4      | Reached skill level 4 in Fighting
  2978 | D:4      | Slain by an orc

Illustrated notes

Levels and vault maps discovered:
D:1:      dpeg_arrival_round_a, layout_basic, minmay_strange_pillars
D:2:      layout_rooms, lightli_corner_chamber
D:3:      layout_basic
D:4:      layout_basic, hangedman_ru_absence,
          mainiacjoe_overflow_catwalk_spiral, general_overflow_altar

Skill      XL: |  1  2  3  4  5 |
---------------+----------------+-----
Maces & Flails | 3 |  3.4
Stealth        | 1 2 |  2.5
Armour         | 2 |  2.2
Dodging        | 3 |  3.4
Fighting       | 4 |  4.0

Action                     |  1- 3 |  4- 6 || total
---------------------------+-------+-------++-------
  Melee: Mace              |    40 |    38 ||    78
         Whip              |    59 |    44 ||   103
         Quarterstaff      |    14 |       ||    14
         Punch             |       |     1 ||     1
 Invoke: Berserk           |       |     2 ||     2
    Use: Scroll            |     1 |       ||     1
         Potion            |       |     2 ||     2
   Stab: Sleeping          |     6 |    10 ||    16
         Distracted        |     1 |     1 ||     2
 Armour: Leather armour    |    26 |    21 ||    47
  Dodge: Dodged            |    73 |    67 ||   140

Table legend: (Time is in decaauts)
 A = Elapsed time spent in this place.
 B = Non-inter-level travel time spent in this place.
 C = Inter-level travel time spent in this place.
 D = Time resting spent in this place.
 E = Time spent auto-exploring this place.
 F = Levels seen in this place.
 G = Mean time per level.
                   A        B        C        D        E       F      G
               +--------+--------+--------+--------+--------+-----+--------+
         Total |   2996 |   2917 |     79 |    317 |   1732 |   4 |  749.0 |
       Dungeon |   2996 |   2917 |     79 |    317 |   1732 |   4 |  749.0 |
               +--------+--------+--------+--------+--------+-----+--------+

Top non-repeatable levels by time:
     D:3: 1056 daAuts
     D:1: 925 daAuts
     D:2: 913 daAuts
     D:4: 101 daAuts
